 Dungeon Crawl Stone Soup version 0.30-a0-1016-gfb0d676c02 (webtiles) character file.

Game seed: 16883052732556851489

29 vishdafish the Conjurer (level 3, 24/24 HPs)
             Began as a Demonspawn Conjurer on Apr 6, 2023.
             Quit the game on level 1 of the Dungeon.
             The game lasted 00:00:43 (961 turns).

vishdafish the Conjurer (Demonspawn Conjurer)        Turns: 961, Time: 00:00:44

Health: 24/24      AC:  4    Str:  7    XL:     3   Next: 1%
Magic:  7/7        EV: 12    Int: 21    God:
Gold:   66         SH:  0    Dex: 11    Spells: 6/7 levels left

rFire   . . .      SeeInvis .    c - +0 dagger
rCold   . . .      Faith    .    (no shield)
rNeg    . . .      Spirit   .    a - +0 robe
rPois   .          Reflect  .    (no helmet)
rElec   .          Rampage  .    (no cloak)
rCorr   .                        (no gloves)
Will    .....                    (no boots)
Stlth   ++                       (no amulet)
HPRegen 0.24/turn                (no ring)
MPRegen 0.10/turn                (no ring)

@: no status effects
A: yellow scales 1, powered by pain 1
a: no special abilities


You were on level 1 of the Dungeon.
You visited 1 branch of the dungeon, and saw 1 of its levels.

You collected 66 gold pieces.

Inventory:

Hand Weapons
 c - a +0 dagger (weapon)
Armour
 a - a +0 robe (worn)
Scrolls
 e - 2 scrolls of noise {unknown}
 f - 2 scrolls of identify {unknown}
Potions
 b - a potion of magic
 d - a potion of curing {unknown}


   Skills:
 - Level 1.7 Dodging
 - Level 1.7 Stealth
 + Level 2.7 Spellcasting
 + Level 4.5 Conjurations


You had 6 spell levels left.
You knew the following spells:

 Your Spells              Type           Power      Damage    Failure   Level
a - Magic Dart            Conj           84%        1d7       2%          1

Your spell library contained the following spells:

 Spells                   Type           Power      Damage    Failure   Level
 Searing Ray              Conj           42%        2d6       3%          2
 Dazzling Flash           Conj/Hex       24%        N/A       16%         3
 Fulminant Prism          Conj/Hex       6%         3d7       47%         4
 Iskenderun's Mystic Bla  Conj/Tloc      12%        2d5       47%         4


Dungeon Overview and Level Annotations

Branches:
Dungeon (1/15)

Altars:


Innate Abilities, Weirdness & Mutations

You are partially covered in yellow scales. (AC +2)
You sometimes gain a little power by taking damage.


Message History

You closely miss the hobgoblin. The bat hits you but does no damage.
The hobgoblin barely misses you.
You barely miss the bat. The bat misses you. The bat closely misses you.
The hobgoblin closely misses you.
You hit the hobgoblin but do no damage. The bat barely misses you.
The hobgoblin hits you.
You completely miss the hobgoblin. The hobgoblin closely misses you.
You miss the bat. The bat barely misses you. The hobgoblin hits you.
You hit the hobgoblin but do no damage. The bat hits you but does no damage.
The hobgoblin hits you.
You barely miss the bat. The bat hits you. The bat closely misses you. x2
The hobgoblin closely misses you.
You hit the bat but do no damage. The bat closely misses you.
The bat hits you but does no damage. The hobgoblin barely misses you.
You hit the bat but do no damage. The bat hits you but does no damage.
The bat misses you. The hobgoblin hits you.
You closely miss the bat. The bat barely misses you. x2
The hobgoblin hits you but does no damage.
You miss the bat. The bat misses you. x2
The hobgoblin hits you but does no damage.
There are monsters nearby!
There are monsters nearby!
The magic dart hits the bat.
You kill the bat!
The hobgoblin hits you but does no damage.
The magic dart hits the hobgoblin.
The hobgoblin is almost dead.
The hobgoblin barely misses you.
The magic dart hits the hobgoblin.
You kill the hobgoblin!
You have reached level 3!
Your experience leads to an increase in your attributes!
Increase (S)trength, (I)ntelligence, or (D)exterity?
You feel clever. x2; Your demonic ancestry asserts itself...
You feel energised by your suffering.
e - 2 scrolls labelled UJAG HASYO (gained 1)
You now have 66 gold pieces (gained 10).
An endoplasm comes into view.
The endoplasm quivers.
Are you sure you want to abandon this character and quit the game? (Confirm with "yes".)

......##.## .##........ ..#
###.#.##.## #J# ###.#.##.# #.#
....#.##.# #.# #####.##.# #.#
#.##.# #.# ###.##.# #.#
#.....)# #@# ###.#.#..# #.#
.........# #.# ###.#...## #.#
##### #.....########.#
#...######### #.#............#
#.#.........#
#.#.#########..###...#######.#
###....# #.........# #.#
......#.# ##......#.#### #.#


You could see an endoplasm.

Vanquished Creatures
  2 dart slugs (D:1)
  4 bats (D:1)
  2 endoplasms (D:1)
  A giant cockroach (D:1)
  3 goblins (D:1)
  3 hobgoblins (D:1)
  A quokka (D:1)
  A ball python (D:1)
  3 kobolds (D:1)
  2 rats (D:1)
22 creatures vanquished.

Notes
Turn   | Place    | Note
-------+----------+-------------------------------------------
     0 | D:1      | vishdafish the Demonspawn Conjurer began the quest for the
                  | Orb.
     0 | D:1      | Reached XP level 1. HP: 13/13 MP: 3/3
   194 | D:1      | Gained mutation: You are partially covered in yellow
                  | scales. (AC +2) [demonic ancestry]
   194 | D:1      | Reached XP level 2. HP: 19/19 MP: 1/5
   841 | D:1      | Gained mutation: You sometimes gain a little power by
                  | taking damage. [demonic ancestry]
   841 | D:1      | Reached XP level 3. HP: 14/24 MP: 2/7
   961 | D:1      | Quit the game

Illustrated notes

Levels and vault maps discovered:
D:1:      heliophobic_arrival_battle_scene, layout_loops_ring

Action                     || total
---------------------------++-------
  Melee: Dagger            ||    38
   Cast: Magic Dart        ||    40
 Armour: Robe              ||    17
  Dodge: Dodged            ||    33

Table legend: (Time is in decaauts)
 A = Elapsed time spent in this place.
 B = Non-inter-level travel time spent in this place.
 C = Inter-level travel time spent in this place.
 D = Time resting spent in this place.
 E = Time spent auto-exploring this place.
 F = Levels seen in this place.
 G = Mean time per level.
                   A        B        C        D        E       F      G
               +--------+--------+--------+--------+--------+-----+--------+
         Total |    960 |    960 |      0 |      0 |    842 |   1 |  960.0 |
       Dungeon |    960 |    960 |      0 |      0 |    842 |   1 |  960.0 |
               +--------+--------+--------+--------+--------+-----+--------+

Top non-repeatable levels by time:
     D:1: 960 daAuts
